 Dungeon Sprint DCSS version 0.31-a0-841-g038b102fc3 (webtiles) character file.

Game seed: 13769605806329570306

2567 sircluck the Grappler (level 9, -2/157 HPs)
             Began as a Troll Berserker on Sept 27, 2023.
             Was a High Priest of Trog.
             Slain by a ghost moth (5 damage)
             ... in the Dungeon (Sprint VII: "The Pits").
             The game lasted 00:01:43 (766 turns).

sircluck the Grappler (Troll Berserker)              Turns: 766, Time: 00:01:43

Health: -2/157     AC:  8    Str: 27 (31) XL:     9   Next: 31%
Magic:  1/8        EV: 12    Int:  3 (6)  God:    Trog [*****.]
Gold:   0          SH:  0    Dex:  8 (9)  Spells: 8/8 levels left

rFire   . .          .
                       - Unarmed
rCold   . . .        (no shield)
rNeg    . . .        a - +0 animal skin
rPois   .            (helmet restricted)
rElec   .            n - +0 cloak
rCorr   .            (gloves unavailable)
SInv    .            (boots unavailable)
Will    .....        (no amulet) Stlth
                     l - +3 ring of protection
HPRegen 1.26/turn    k - +3 ring of intelligence
MPRegen 0.11/turn

%: no teleportation
@: berserking, very quick
A: large, unfitting armour, claws 3, regeneration 1, shaggy fur 1, tough skin 1
a: Renounce Religion, Berserk, Trog's Hand, Brothers in Arms


You were in the Dungeon.
You worshipped Trog.
Trog was extremely pleased with you.
You visited 1 branch

Inventory:

Armour
 a - a +0 animal skin (worn)
 n - a +0 cloak (worn)
Jewellery
 k - a +3 ring of intelligence (right claw)
 l - a +3 ring of protection (left claw)
Scrolls
 g - a scroll of blinking
 i - 2 scrolls of vulnerability
 j - a scroll of summoning
Potions
 b - 7 potions of curing
 c - 12 potions of heal wounds
 d - a potion of haste
 e - 4 potions of magic
 f - 3 potions of berserk rage
 h - 2 potions of invisibility
 m - 2 potions of might
 o - a potion of resistance
 p - a potion of mutation


   Skills:
 + Level 11.0 Fighting
 + Level 10.8 Dodging
 + Level 12.8 Unarmed Combat


You had 8 spell levels left.
You didn't know any spells.
Your spell library was empty.

Dungeon Overview and Level Annotations

Branches:
Dungeon (1/1)

Altars:
Ashenzari
Cheibriados
Dithmenos
Elyvilon
Fedhas
Gozag
Hepliaklqana
Kikubaaqudgha
Makhleb
Nemelex Xobeh
Okawaru
Qazlal
Ru
Sif Muna
Trog
Uskayaw
Vehumet
Wu Jian
Xom
Yredelemnul
Zin
The Shining One
Jiyva
Lugonu


Innate Abilities, Weirdness & Mutations

You are too large for most types of armour.
You have claws for hands.
Your natural rate of healing is unusually fast.
You are covered in fur. (AC +1)
You have tough skin. (AC +1)


Message History

Something stings you but does no damage.
A red film seems to cover your vision as you go berserk!
You feel yourself moving faster!
You feel mighty!
You feel you are being watched by something.
Something hits you!
You feel weakened. Something hits you! Something stings you.
You feel weakened. Something hits you. Something hits you!
Something stings you!
You closely miss something. You claw something!
You feel you are being watched by something.
Something hits you!
You feel dopey. Something hits you but does no damage. Something stings you!
* * * LOW HITPOINT WARNING * * *
You feel dopey.
You scratch something. The orc misses you.
You closely miss something. Something barely misses you.
Something completely misses you. Something stings you.
* * * LOW HITPOINT WARNING * * *
You feel dopey.
You scratch something. The orc barely misses you. Something hits you.
* * * LOW HITPOINT WARNING * * *
Something hits you.
* * * LOW HITPOINT WARNING * * *
You feel clumsy.
Something stings you but does no damage.
You barely miss something. You barely miss something.
Your claw misses something. Something hits you!
* * * LOW HITPOINT WARNING * * *
Something hits you but does no damage. Something stings you!
* * * LOW HITPOINT WARNING * * *
The orc hits you but does no damage.
You scratch something but do no damage. You barely miss something.
Something hits you!
* * * LOW HITPOINT WARNING * * *
You feel weakened. Something hits you.
You die... oo# ######### oo#

....##..# ..#
....##..# ..#
....''..# ..#
....''..##########..#
....##).........@{o.#
....##...........o..#
#####################
#


You could see 2 orcs.

Vanquished Creatures
  A death yak (D)
  A snapping turtle (D)
  4 dream sheep (D)
  A flying skull (D)
  A fire bat (D)
  A redback (D)
  A floating eye (D)
  A water moccasin (D)
  2 centaurs (D)
  A scorpion (D)
  2 wights (D)
  A small abomination (D)
  A crimson imp (D)
  An iguana (D)
  A mummy (D)
  2 gnolls (D)
  A white imp (D)
  An adder zombie (D)
  An orc (D)
  An endoplasm (D)
  2 giant cockroaches (D)
  A hobgoblin (D)
  2 jackals (D)
  A quokka (D)
  A frilled lizard (D)
  A kobold (D)
34 creatures vanquished.

Notes
Turn   | Place    | Note
-------+----------+-------------------------------------------
     0 | D        | sircluck the Troll Berserker began the quest for the Orb.
     0 | D        | Reached XP level 1. HP: 22/22 MP: 0/0
    12 | D        | Noticed an iguana
    26 | D        | Killed an iguana
    27 | D        | Reached skill level 4 in Unarmed Combat
    27 | D        | Reached XP level 2. HP: 32/32 MP: 1/1
   164 | D        | Noticed a redback
   165 | D        | Noticed a small abomination
   169 | D        | Killed a redback
   170 | D        | Reached skill level 5 in Fighting
   170 | D        | Reached skill level 5 in Dodging
   170 | D        | Reached skill level 6 in Unarmed Combat
   170 | D        | Reached XP level 3. HP: 42/42 MP: 2/2
   170 | D        | Reached XP level 4. HP: 50/50 MP: 3/3
   170 | D        | Reached XP level 5. HP: 58/58 MP: 4/4
   172 | D        | Reached ** piety under Trog
   173 | D        | Reached skill level 7 in Unarmed Combat
   218 | D        | Noticed a centaur
   223 | D        | Noticed a snapping turtle
   228 | D        | Killed a centaur
   235 | D        | Killed a snapping turtle
   236 | D        | Reached skill level 8 in Unarmed Combat
   236 | D        | Reached XP level 6. HP: 13/71 MP: 5/5
   295 | D        | Found a bloodstained altar of Trog.
   295 | D        | Found a shimmering blue altar of Sif Muna.
   295 | D        | Found a viscous altar of Jiyva.
   295 | D        | Found a hazy altar of Hepliaklqana.
   295 | D        | Found an opulent altar of Gozag.
   296 | D        | Found a glowing golden altar of the Shining One.
   296 | D        | Found a glowing silver altar of Zin.
   296 | D        | Found a basalt altar of Yredelemnul.
   296 | D        | Found a shimmering altar of Xom.
   296 | D        | Found an ornate altar of the Wu Jian Council.
   296 | D        | Found a sacrificial altar of Ru.
   296 | D        | Found a stormy altar of Qazlal.
   296 | D        | Found an iron altar of Okawaru.
   296 | D        | Found a sparkling altar of Nemelex Xobeh.
   296 | D        | Found a burning altar of Makhleb.
   296 | D        | Found a blossoming altar of Fedhas.
   296 | D        | Found a white marble altar of Elyvilon.
   296 | D        | Found a shadowy altar of Dithmenos.
   296 | D        | Found a snail-covered altar of Cheibriados.
   298 | D        | Found a radiant altar of Vehumet.
   298 | D        | Found a corrupted altar of Lugonu.
   299 | D        | Found a hide-covered altar of Uskayaw.
   299 | D        | Found an ancient bone altar of Kikubaaqudgha.
   299 | D        | Found a broken altar of Ashenzari.
   340 | D        | Reached *** piety under Trog
   349 | D        | Noticed a floating eye
   354 | D        | Killed a floating eye
   355 | D        | Reached skill level 9 in Unarmed Combat
   355 | D        | Reached XP level 7. HP: 76/79 MP: 6/6
   370 | D        | Reached **** piety under Trog
   465 | D        | Reached ***** piety under Trog
   469 | D        | Reached skill level 10 in Unarmed Combat
   470 | D        | Received a gift from Trog
   485 | D        | Noticed a fire bat
   487 | D        | Killed a fire bat
   488 | D        | Noticed a death yak
   493 | D        | Killed a death yak
   494 | D        | Reached skill level 11 in Unarmed Combat
   494 | D        | Reached XP level 8. HP: 81/93 MP: 7/7
   509 | D        | Reached skill level 10 in Fighting
   521 | D        | Noticed a flying skull
   523 | D        | Killed a flying skull
   524 | D        | Reached skill level 10 in Dodging
   639 | D        | Noticed a dream sheep
   639 | D        | Noticed a dream sheep
   639 | D        | Noticed a dream sheep
   677 | D        | Killed a dream sheep
   677 | D        | Received a gift from Trog
   678 | D        | Reached skill level 12 in Unarmed Combat
   678 | D        | Reached XP level 9. HP: 95/102 MP: 8/8
   752 | D        | Noticed an orc knight
   766 | D        | HP: 3/157 [something (12)]
   766 | D        | Slain by a ghost moth

Illustrated notes

Levels and vault maps discovered:
D:        pitsprint [storerooms_1, entrance_room_1, metal_vault_3, armoury_2,
          mini_pit_1, grid_room_1, main_hall_1, silver_pit, the_coven_3,
          the_vestibule_1, steel_vault_3, golden_pit, hallway_of_sentries,
          crystal_vault_4, iron_vault_1, final_vault]

Skill      XL: |  1  2  3  4  5  6  7  8  9 |
---------------+----------------------------+-----
Fighting       | 3 5 7 9 10 11 | 11.0
Dodging        | 3 5 7 9 10 | 10.8
Unarmed Combat | 4 6 8 9 11 12 | 12.8

Action                     |  1- 3 |  4- 6 |  7- 9 || total
---------------------------+-------+-------+-------++-------
  Melee: Unarmed           |     7 |    22 |    74 ||   103
         Punch             |       |     1 |     1 ||     2
 Invoke: Berserk           |     2 |     1 |     1 ||     4
   Stab: Sleeping          |       |       |     1 ||     1
 Armour: Animal skin       |     3 |    15 |    53 ||    71
  Dodge: Dodged            |     1 |    14 |    27 ||    42

Table legend: (Time is in decaauts)
 A = Elapsed time spent in this place.
 B = Non-inter-level travel time spent in this place.
 C = Inter-level travel time spent in this place.
 D = Time resting spent in this place.
 E = Time spent auto-exploring this place.
 F = Levels seen in this place.
 G = Mean time per level.
                   A        B        C        D        E       F      G
               +--------+--------+--------+--------+--------+-----+--------+
         Total |    768 |    694 |     74 |    212 |    107 |   1 |  768.0 |
       Dungeon |    768 |    694 |     74 |    212 |    107 |   1 |  768.0 |
               +--------+--------+--------+--------+--------+-----+--------+

Top non-repeatable levels by time:
       D: 768 daAuts
